 Seeded DCSS version 0.28-a0-1235-g7c8fac35f0 (webtiles) character file.

Game seed: 9050212736688414197 (custom seed)

10 croobank the Chiller (level 2, -5/19 HPs)
             Began as a Barachi Ice Elementalist on Dec 25, 2021.
             Killed by an exploding bat (7 damage)
             ... ignited by their inner flame
             ... on level 2 of the Dungeon.
             The game lasted 00:04:24 (804 turns).

croobank the Chiller (Barachi Ice Elementalist)      Turns: 804, Time: 00:04:35

Health: -5/19      AC:  6    Str:  9    XL:     2   Next: 20%
Magic:  5/5        EV: 10    Int: 15    God:
Gold:   28         SH:  0    Dex: 12    Spells: 4/5 levels left

rFire   + . .      SeeInvis .   c - +1 war axe
rCold   . . .      Faith    .   (no shield)
rNeg    . . .      Spirit   .   d - +1 ring mail {rF+}
rPois   .          Reflect  .   (no helmet)
rElec   .          Harm     .   (no cloak)
rCorr   .          Rampage  .   (no gloves)
Will    .....                   (no boots)
Stlth   +.........              g - amulet of the acrobat
HPRegen 0.06/turn               (no ring)
MPRegen 0.09/turn               (no ring)

@: slow
A: amphibious, slowness 1, strong legs 1, +LOS
a: Hop


You were on level 2 of the Dungeon.
You visited 1 branch of the dungeon, and saw 2 of its levels.

You collected 28 gold pieces.

Inventory:

Hand Weapons
 c - a +1 war axe (weapon)
Missiles
 b - 27 stones (quivered)
Armour
 a - a +0 robe
 d - a +1 ring mail of fire resistance (worn)
Magical Staves
 e - a staff of earth
Jewellery
 g - an amulet of the acrobat (around neck)
Scrolls
 j - a scroll of torment {unknown}


   Skills:
 + Level 2.4 Dodging
 + Level 2.0 Stealth
 + Level 2.4 Spellcasting
 + Level 5.0 Ice Magic


You had 4 spell levels left.
You knew the following spells:

 Your Spells              Type           Power      Damage    Failure   Level
a - Freeze                Ice            64%        1d8       8%          1

Your spell library contained the following spells:

 Spells                   Type           Power      Damage    Failure   Level
 Frozen Ramparts          Ice            32%        1d5       22%         3
 Ozocubu's Armour         Ice            16%        N/A       22%         3
 Hailstorm                Conj/Ice       9%         3d4       91%         4


Dungeon Overview and Level Annotations

Branches:
Dungeon (2/15)

Altars:


Innate Abilities, Weirdness & Mutations

You are amphibious.
You cover ground slowly.
You can hop short distances.
You have an extended range of vision and can be seen from far away.


Message History

The endoplasm freezes you.
You are frozen.
* * * LOW HITPOINT WARNING * * *
The adder completely misses you. The endoplasm misses you.
The adder completely misses you. The adder bites you but does no damage.
The endoplasm completely misses you. The adder closely misses you.
The endoplasm freezes you.
You are frozen.
* * * LOW HITPOINT WARNING * * *
The adder barely misses you. The adder bites you but does no damage.
You see here a +0 trident.
The adder bites you but does no damage.
A frilled lizard comes into view.
The frilled lizard hisses angrily.
A bat comes into view.
As you read the scroll labelled ZILLEU TEOKH, it crumbles to dust.
It is a scroll of amnesia.
Really abort (and waste the scroll)?
Okay, then.
The adder barely misses you. x2
As you read the scroll labelled JAL LYOTHROACYRU, it crumbles to dust.
The creatures around you are filled with an inner flame!
It was a scroll of immolation.
The adder bites you but does no damage. The bat barely misses you.
As you read the scroll labelled FAITOD LUSIOG, it crumbles to dust.
It is a scroll of enchant weapon.
Your +0 war axe glows red for a moment.
The bat barely misses you. The adder bites you.
* * * LOW HITPOINT WARNING * * *
The bat barely misses you. The adder completely misses you.
The bat misses you. x2; The bat closely misses you.
You hit the bat.
Flame seeps out of the bat.
The bat is severely wounded.
You closely miss the adder.
The bat is engulfed in blazing flames.
The bat explodes!
The fiery explosion engulfs the frilled lizard!
The fiery explosion engulfs you! You resist.
You die...

#.. #.. #.# ##.# ..#
... #§# #○# #@# ##S#
#.J# .. #.##
#....######.#######
........J.).........
###......##.########
#!.....##.#
#......##.#


You could see an adder (inner flame) and an endoplasm (inner flame).

Vanquished Creatures
  2 ball pythons (D:1)
  An endoplasm (D:1)
  A giant cockroach (D:1)
  A goblin (D:1)
  A hobgoblin (D:1)
  4 bats
  2 frilled lizards
12 creatures vanquished.

Notes
Turn   | Place    | Note
-------+----------+-------------------------------------------
     0 | D:1      | croobank the Barachi Ice Elementalist began the quest for
                  | the Orb.
     0 | D:1      | Reached XP level 1. HP: 13/13 MP: 3/3
   327 | D:1      | Reached XP level 2. HP: 18/19 MP: 5/5
   365 | D:1      | Reached skill level 5 in Ice Magic
   627 | D:1      | Found a faded altar of an unknown god.
   804 | D:2      | Killed by an exploding bat... ignited by their inner flame

Illustrated notes

Levels and vault maps discovered:
D:1:      minmay_arrival_nine_rooms, layout_loops_ring,
          ebering_ecumenical_altar_box, minmay_misc_feat_more_columns
D:2:      layout_rooms, basic_altar

Skill      XL: |  1  2 |
---------------+-------+-----
Stealth        | 2 |  2.0
Ice Magic      | 5 |  5.0
Dodging        | |  2.4
Spellcasting   | |  2.4

Action                   || total
-------------------------++-------
Melee: War axe           ||    33
       Unarmed           ||     3
Throw: Stone             ||     2
  Use: Scroll            ||     3
Armor: Ring mail         ||    14
       Robe              ||     3
Dodge: Dodged            ||    46

Table legend: (Time is in decaauts)
 A = Elapsed time spent in this place.
 B = Non-inter-level travel time spent in this place.
 C = Inter-level travel time spent in this place.
 D = Time resting spent in this place.
 E = Time spent auto-exploring this place.
 F = Levels seen in this place.
 G = Mean time per level.
                   A        B        C        D        E       F      G
               +--------+--------+--------+--------+--------+-----+--------+
         Total |    930 |    901 |     29 |      0 |    637 |   2 |  465.0 |
       Dungeon |    930 |    901 |     29 |      0 |    637 |   2 |  465.0 |
               +--------+--------+--------+--------+--------+-----+--------+

Top non-repeatable levels by time:
     D:1: 906 daAuts
     D:2: 23 daAuts
